 Dungeon Crawl Stone Soup version 0.30-a0-946-gec5dcfc036 (webtiles) character file.

Game seed: 5315285016543774309

36 sanka the Trooper (level 3, -1/33 HPs)
             Began as a Hill Orc Fighter on Mar 26, 2023.
             Slain by a gnoll
             ... wielding a +0 club
              (5 damage)
             ... on level 2 of the Dungeon.
             The game lasted 00:02:28 (1000 turns).

sanka the Trooper (Hill Orc Fighter)                Turns: 1000, Time: 00:02:29

Health: -1/33      AC:  6    Str: 20    XL:     3   Next: 37%
Magic:  3/3        EV:  9    Int:  8    God:
Gold:   123        SH:  4    Dex: 10    Spells: 2/2 levels left

rFire   . . .      SeeInvis .    a - +0 war axe
rCold   . . .      Faith    .    c - +0 buckler
rNeg    . . .      Spirit   .    b - +0 scale mail
rPois   .          Reflect  .    (no helmet)
rElec   .          Rampage  .    (no cloak)
rCorr   .                        (no gloves)
Will    .....                    (no boots) Stlth
                                 (no amulet)
HPRegen 0.25/turn                (no ring)
MPRegen 0.08/turn                (no ring)

@: no status effects
A: no striking features
a: no special abilities


You were on level 2 of the Dungeon.
You visited 1 branch of the dungeon, and saw 2 of its levels.

You collected 123 gold pieces.


   Skills:
 + Level 4.0 Fighting
 * Level 3.7 Axes
 + Level 3.6 Armour
 + Level 3.6 Shields


You had 2 spell levels left.
You didn't know any spells.
Your spell library contained the following spells:

 Spells                   Type           Power      Damage    Failure   Level
 Summon Small Mammal      Summ           0%         N/A       85%         1
 Cigotuvi's Dreadful Rot  Necr/Pois/Air  0%         N/A       94%         2
 Poisonous Vapours        Pois/Air       0%         N/A       94%         2
 Call Canine Familiar     Summ           0%         N/A       99%         3
 Mephitic Cloud           Conj/Pois/Air  0%         N/A       99%         3
 Summon Guardian Golem    Hex/Summ       0%         N/A       99%         3

Inventory:

Hand Weapons
 a - a +0 war axe (weapon)
Armour
 b - a +0 scale mail (worn)
 c - a +0 buckler (worn)
Scrolls
 e - 2 scrolls of enchant armour {unknown}
 i - a scroll of fear {unknown}
 k - a scroll of teleportation {unknown}
 l - a scroll of identify {unknown}
Potions
 d - a potion of might
 f - a potion of cancellation {unknown}
 g - 3 potions of brilliance {unknown}
 h - 2 potions of resistance {unknown}
 j - a potion of mutation {unknown}

Dungeon Overview and Level Annotations

Branches:
Dungeon (2/15)

Altars:

Shops:
D:2

? ▒.▒▒.▒▒▒▒.▒▒▒.▒▒..▒
▒.........▒▒▒.▒▒▒.▒
▒▒▒▒▒▒▒...)........
▒▒▒▒▒▒▒▒▒▒▒▒▒▒▒▒▒.▒▒▒.▒
▒........▒▒............
▒....!...▒▒.......▒▒▒..
▒........▒▒.....).▒ ▒..
▒...g)g..▒▒.<...†.▒▒▒..
▒...g.o...........▒▒...
▒▒▒▒▒▒▒▒..........▒▒...
▒..........▒▒...
▒..........▒....
▒▒....▒▒▒▒▒▒.... ▒....▒
▒.... ▒▒▒▒.▒ ▒.... ▒.▒
▒.... ▒....


You could see 3 gnolls.


Message History

You block the gnoll's attack.
The gnoll hits you from afar with a +0 spear.
The rat bites you but does no damage.
The gnoll hits you from afar with a +0 halberd.
* * * LOW HITPOINT WARNING * * *
You hit the gnoll.
The gnoll is heavily wounded.
You hit the rat.
You kill the rat!
You hit the gnoll but do no damage. The gnoll barely misses you.
The gnoll hits you with a +0 club.
* * * LOW HITPOINT WARNING * * *
The gnoll hits you from afar with a +0 halberd.
* * * LOW HITPOINT WARNING * * *
The gnoll barely misses you.
You hit the gnoll.
The gnoll is almost dead.
You closely miss the gnoll.
The gnoll hits you from afar with a +0 halberd.
* * * LOW HITPOINT WARNING * * *
The gnoll hits you from afar with a +0 spear.
* * * LOW HITPOINT WARNING * * *
The gnoll closely misses you.
You hit the gnoll.
You kill the gnoll!
You barely miss the gnoll. The gnoll barely misses you.
The gnoll hits you with a +0 club.
You die...

Action                     || total
---------------------------++-------
  Melee: War axe           ||    62
 Armour: Scale mail        ||    28
  Dodge: Dodged            ||    27
  Block: Buckler           ||    24

Levels and vault maps discovered:
D:1:      dpeg_arrival_solitude, layout_loops_ring, roderic_roman_lattice
D:2:      layout_basic, serial_shops, nicolae_shop_window_shopping,
          nicolae_shop_waterfront

Notes
Turn   | Place    | Note
-------+----------+-------------------------------------------
     0 | D:1      | sanka the Hill Orc Fighter began the quest for the Orb.
     0 | D:1      | Reached XP level 1. HP: 19/19 MP: 1/1
    63 | D:1      | Reached skill level 3 in Axes
   119 | D:1      | Reached XP level 2. HP: 27/27 MP: 2/2
   741 | D:2      | Found Puruqof's Magic Scroll Boutique.
   904 | D:2      | Reached skill level 4 in Fighting
   904 | D:2      | Reached XP level 3. HP: 31/33 MP: 3/3
  1000 | D:2      | Slain by a gnoll

Vanquished Creatures
  A gnoll (D:2)
  An adder (D:2)
  A worm (D:2)
  A dart slug (D:2)
  A ball python (D:1)
  A bat (D:1)
  2 endoplasms
  A goblin (D:2)
  2 hobgoblins
  3 quokkas
  A frilled lizard (D:2)
  5 kobolds
  2 rats (D:2)
22 creatures vanquished.
